Cogmind - Beta 15 @@@ ROGUE MODE // 2025.07.12 @ 02:13:19 // Winter2019/RPGLIKE Player: Fellun Result: Destroyed by G-34 Mercenary with Small Laser Performance ------------- Evolutions (0) 0 Regions Visited (1) 200 Robots Destroyed (8) 40 Value Destroyed (215) 215 Prototype IDs (0) 0 Alien Tech Used (0) 0 Bonus (0) 0 TOTAL SCORE: 455 Bonus ------- None Cogmind --------- Core Integrity 0/600 Matter 284/300 Energy 246/250 System Corruption 0% Temperature Hot (279) Movement Rolling (90) Location -10/Materials Parts ------- > --- POWER (2) -------- Ion Engine Ion Engine > --- PROPULSION (2) --- Wheel Compact Wheel > --- UTILITY (2) ------ Heat Sink Sensor Array > --- WEAPON (3) ------- Medium Laser Light Assault Rifle Light Assault Rifle > --- INVENTORY (0) ---- (None) Peak State ------------ > --- POWER ------------ Ion Engine Ion Engine > --- PROPULSION ------- Wheel Compact Wheel > --- UTILITY ---------- ECM Suite Utility Shielding > --- WEAPON ----------- EM Pulse Gun Medium Laser Medium Laser > --- INVENTORY -------- (None) [Rating: 9] Favorites ----------- Power Ion Engine Engine Ion Engine Propulsion Wheel Wheel Wheel Utility Heat Sink Device Heat Sink Protection Utility Shielding Weapon Medium Laser Energy Gun Medium Laser Ballistic Gun Light Assault Rifle Build | -11 -10 ------- Run | Yrd Mat Slots Evolved 5 | 5 . Power 1 | 1 . Propulsion 1 | 1 . Utility 1 | 1 . Weapon 2 | 2 . Parts Attached 13 | 7 6 Power 2 | 2 . Engine 2 | 2 . Core . | . . Reactor . | . . Propulsion 2 | 2 . Treads . | . . Leg . | . . Wheel 2 | 2 . Hover . | . . Flight . | . . Utility 4 | . 4 Device 3 | . 3 Storage . | . . Processor . | . . Hackware . | . . Protection 1 | . 1 Artifact . | . . Weapon 5 | 3 2 Energy Gun 3 | 3 . Energy Cannon . | . . Ballistic Gun 2 | . 2 Ballistic Cannon . | . . Launcher . | . . Special Weapon . | . . Impact Weapon . | . . Slashing Weapon . | . . Piercing Weapon . | . . Special Melee Weapon . | . . Unidentified Prototypes . | . . Parts Lost 1 | . 1 Power . | . . Propulsion . | . . Utility . | . . Weapon 1 | . 1 Highest Loss Streak 1 | . 1 To Critical Strikes . | . . Average Backups . | . . Power . | . . Propulsion . | . . Utility . | . . Weapon . | . . Tool/Special . | . . Unused Backups . | . . Power . | . . Propulsion . | . . Utility . | . . Weapon . | . . Tool/Special . | . . Average Slot Usage (%) 95 | . 95 Engine 22 | . 22 Wheel 22 | . 22 Device 15 | . 15 Protection 2 | . 2 Energy Gun 29 | . 29 Ballistic Gun 3 | . 3 Peak Build Rating 9 | 7 9 Average Rating 8 | 5 8 On Entrance 3 | . 7 Naked Turns . | . . Heaviest Build 19 | 16 19 Greatest Support 26 | 26 26 Greatest Overweight (x) . | . . Average Overweight (x) . | . . Largest Inventory Capacity . | . . Average Capacity . | . . Most Carried . | . . Average Carried . | . . Final Capacity . | . . Final Carried . | . . Class Distribution -------------------- 100% | Gunner Dominant Class ---------------- Gunner | -10/Materials Resources | -11 -10 ----------- Run | Yrd Mat Matter Collected 384 | 270 114 Remotely . | . . Salvage Created 242 | . 242 Parts 11 | . 11 Haulers Intercepted . | . . Recyclers Shooed . | . . Parts Field Recycled . | . . Retrieved Matter . | . . Parts Self-Destructed . | . . Prevented . | . . Kills | -11 -10 ------- Run | Yrd Mat Combat Hostiles Destroyed 7 | . 7 Guns 6 | . 6 AOE 1 | . 1 Classes Destroyed 3 | . 3 Watcher 1 | . 1 Swarmer 3 | . 3 Grunt 4 | . 4 Best Kill Streak 5 | . 5 Combat Bots Only 5 | . 5 Max Kills in Single Turn 1 | . 1 Gunslinging . | . . Exploded 1 | . 1 Melee . | . . Uniques/NPCs Destroyed . | . . Combat | -11 -10 -------- Run | Yrd Mat Hostile Shots Fired 63 | . 63 Missed 18 | . 18 Hits 45 | . 45 Projectile 45 | . 45 Critical Strikes 2 | . 2 Damage Taken 743 | . 743 Core 604 | . 604 Absorbed by Shields . | . . Redirected to Core 448 | . 448 Redirected to Shielding 2 | . 2 Core Remaining (%) 100 | 100 . Volleys Fired 30 | . 30 Largest 3 | . 3 Hottest 140 | . 140 Shots Fired 85 | . 85 Gun 85 | . 85 Cannon . | . . Launcher . | . . Special . | . . Kinetic 24 | . 24 Thermal 47 | . 47 Explosive . | . . Electromagnetic 14 | . 14 Robot Hit Streak 9 | . 9 Robot Miss Streak 6 | . 6 Penetration Max . | . . Secondary Targets 3 | . 3 Max Gunslinging Chain 1 | . 1 Shots Hit Robots 46 | . 46 Core Hits 15 | . 15 Critical Kills . | . . Critical Parts Destroyed . | . . Critical Strikes 8 | . 8 Burn 8 | . 8 Melee Attacks . | . . Impact . | . . Slashing . | . . Piercing . | . . Sneak Attacks . | . . Combat Hostiles . | . . Follow-up Attacks . | . . Damage Inflicted 635 | . 635 Guns 550 | . 550 Cannons . | . . Explosions 76 | . 76 Melee . | . . Ramming 9 | . 9 Kinetic 117 | . 117 Thermal 376 | . 376 Explosive . | . . Electromagnetic 133 | . 133 Impact . | . . Slashing . | . . Piercing . | . . Highest Corruption . | . . Average Corruption . | . . Corruption Purged . | . . Corruption Blocked . | . . Overload Shots . | . . Overflow Damage . | . . Projectiles . | . . Explosions . | . . Melee . | . . Knockbacks . | . . Impact . | . . Kinetic . | . . Secondary . | . . Self-Inflicted Damage 182 | . 182 Shots 2 | . 2 Rammed 1 | . 1 Targets Rammed 1 | . 1 Kicked . | . . Crushed . | . . Highest Temperature 562 | . 562 Average Temperature 218 | . 218 Received Heat Transfer 324 | . 324 Effects 12 | . 12 Shutdowns 6 | . 6 Interference 4 | . 4 Matter Decay 1 | . 1 Short Circuit 1 | . 1 Siege Activations . | . . Martial Activations . | . . Shielding Activations . | . . Robots Disrupted . | . . Combat Hostiles . | . . Robots Corrupted . | . . Combat Hostiles . | . . Parts Fried . | . . Impact Corruptions . | . . Robots Melted . | . . Combat Hostiles . | . . Parts Melted 2 | . 2 Heat Transferred 1530 | . 1530 Parts Sabotaged . | . . Parts Stolen . | . . Parts Stripped . | . . Power Chain Reactions . | . . Alert | -11 -10 ------- Run | Yrd Mat Maximum Alert Level . | . . Low Security (%) 100 | 100 100 Level 1 . | . . Level 2 . | . . Level 3 . | . . Level 4 . | . . Level 5 . | . . High Security . | . . Max Security . | . . Peak Influence 163 | . 163 Initial . | . . Average 40 | . 45 Influence Increases 275 | . 275 Destroy 0b10 Robot/C 140 | . 140 Destroy 0b10 Robot/NC 5 | . 5 Destroy Leader 32 | . 32 Successful Hack 20 | . 20 Disable Machine 30 | . 30 Destroy Structure 33 | . 33 Lose Combat Pursuer 15 | . 15 Influence Decreases 240 | . 240 Time Decay 117 | . 117 Purge Threat 123 | . 123 Squads Dispatched 2 | . 2 Investigation . | . . Extermination . | . . Reinforcement 2 | . 2 Assault . | . . Garrison . | . . Intercept . | . . Searches Triggered . | . . Construction Impeded . | . . Haulers Reinforced . | . . Active Scanning Responses . | . . Cargo Convoy Interrupts . | . . Stealth | -11 -10 --------- Run | Yrd Mat Distress Signals . | . . Communications Jammed . | . . Distress Signals . | . . Times Spotted 19 | . 19 Peak Tracking Total 5 | . 5 Tactical Retreats 2 | . 2 Traps | -11 -10 ------- Run | Yrd Mat Traps Triggered . | . . Indirectly . | . . Trap Hack Attempts . | . . Triggered . | . . Disarmed . | . . Reprogrammed . | . . Reused . | . . Traps Extracted . | . . Installed . | . . Triggered . | . . Machines | -11 -10 ---------- Run | Yrd Mat Machines Disabled 2 | . 2 Max in Single Turn 2 | . 2 Machines Repaired . | . . Machines Dismantled . | . . Machines Sabotaged . | . . Overloaded Fab Kills . | . . Hacking | -11 -10 --------- Run | Yrd Mat Machines Accessed 3 | . 3 Terminals 3 | . 3 Fabricators . | . . Repair Stations . | . . Recycling Units . | . . Scanalyzers . | . . Garrison Access . | . . Total Hacks 8 | . 8 Successful 5 | . 5 Failed 3 | . 3 Catastrophic . | . . Database Lockouts . | . . Manual 8 | . 8 Terminals 8 | . 8 Fabricators . | . . Repair Stations . | . . Recycling Units . | . . Scanalyzers . | . . Garrison Access . | . . Terminal Hacks 4 | . 4 Branch Access Points 1 | . 1 Terminal Index 1 | . 1 Unreport Threat 2 | . 2 Fabricator Hacks . | . . Repair Station Hacks . | . . Recycling Unit Hacks . | . . Scanalyzer . | . . Garrison Access Hacks . | . . Unauthorized Hacks 1 | . 1 Terminals 1 | . 1 Botnet 1 | . 1 Fabricators . | . . Repair Stations . | . . Recycling Units . | . . Scanalyzers . | . . Garrison Access . | . . Data Cores Recovered . | . . Used . | . . Hacking Detections 3 | . 3 Full Trace Events . | . . Feedback Events . | . . Feedback Blocked . | . . Robot Schematics Acquired . | . . Robots Built . | . . Authchips . | . . Time . | . . Total Robot Build Rating . | . . Part Schematics Acquired . | . . Parts Built . | . . Authchips . | . . Time . | . . Total Part Build Rating . | . . Parts Repaired . | . . Time . | . . Parts Recycled . | . . Recycled Matter . | . . Retrieved Matter . | . . Retrieved Components . | . . Parts Scanalyzed . | . . Part Schematics Acquired . | . . Parts Damaged . | . . Bothacking | -11 -10 ------------ Run | Yrd Mat Used RIF Installer . | . . Robots Hacked . | . . Non-combat . | . . Combat . | . . Robot Hacks Applied . | . . Relay Couplers Released . | . . Fabnet Peak Effective % . | . . Robots Rewired . | . . Allies Hacked . | . . Hacks Repelled . | . . Allies | -11 -10 -------- Run | Yrd Mat Total Allies . | . . Largest Group . | . . Highest-Rated Group . | . . Highest-Rated Ally . | . . Total Orders . | . . Ally Attacks . | . . Total Damage . | . . Kills . | . . Allies Corrupted . | . . Allies Melted . | . . Intel | -11 -10 ------- Run | Yrd Mat Active Infowar (turns) 298 | . 298 Sensors 139 | . 139 ECM 159 | . 159 Robot Analysis Total . | . . Derelict Logs Recovered . | . . Drone Launches . | . . Drone Recoveries . | . . Exploration | -11 -10 ------------- Run | Yrd Mat Turns Passed 384 | 44 340 Spaces Moved 238 | 39 199 Core 2 | 2 . Treads . | . . Legs . | . . Wheels 236 | 37 199 Hover . | . . Flight . | . . Fastest Speed 50 | 50 90 Average Speed 89 | 87 90 Slowest Speed 90 | 90 90 Overloaded Moves . | . . Propulsion Burnouts . | . . Robots Hopped . | . . Potential Cave-ins . | . . Cave-ins Triggered . | . . Exploration Rate (%) 27 | 3 51 Regions Visited 1 Branch Regions . Pre-discovered Areas . | . . Known Exits Taken . | . . Unknown Exits Taken 1 | 1 . Scrap Searched . | . . Spaces Dug . | . . Terrain Destroyed 45 | . 45 Melee . | . . Projectile . | . . AOE 45 | . 45 Terrain Rammed . | . . Walls Destroyed . | . . Machines Disabled . | . . Actions | -11 -10 --------- Run | Yrd Mat Total 343 | 45 298 Wait 60 | . 60 Move 237 | 38 199 Hop . | . . Pick Up . | . . Fast Attach 12 | 7 5 Attach . | . . Detach . | . . Swap 1 | . 1 Drop 2 | . 2 Fire 30 | . 30 Melee . | . . Ram 1 | . 1 Kick . | . . Crush . | . . Escape Stasis . | . . Rewire . | . . Trap . | . . Miscellaneous . | . . Route ------- -11/Scrapyard -10/Materials (discovered 1 exit: *Min) History --------- Turn | Location | Event 4 | -11/Scrapyard | Upgraded with Power slot (x1) 4 | -11/Scrapyard | Upgraded with Propulsion slot (x1) 4 | -11/Scrapyard | Upgraded with Utility slot (x1) 4 | -11/Scrapyard | Upgraded with Weapon slot (x2) 19 | -11/Scrapyard | Discovered new exit (range 16) 45 | -11/Scrapyard | Entered Materials 231 | -10/Materials | Discovered new exit (range 6) 243 | -10/Materials | Identified exit to Mines 305 | -10/Materials | Build established: Gunner 317 | -10/Materials | Core integrity fell below 50% 378 | -10/Materials | Core integrity fell below 20% 385 | -10/Materials | Destroyed by G-34 Mercenary with Small Laser Last Messages --------------- 00334_ Power failure, Ion Engine shutdown. 00335_ G-34 Mercenary suffers critical hit (Burn). 00335_ G-34 Mercenary overheating. 00336_ Power failure, Ion Engine shutdown. 00336_ G-34 Mercenary heat damages Aluminum Leg, Sml. Laser. 00336_ G-34 Mercenary overheating. 00345_ Dropped Med. Laser. 00346_ Acquired Lgt. Assault Rifle. 00348_ G-34 Mercenary destroyed. 00350_ Ion Engine broken. 00350_ Overheating: Short circuit. 00350_ K-01 Serf collects debris. 00352_ Acquired 28 matter. 00355_ K-01 Serf collects debris. 00362_ R-06 Scavenger collects Ion Engine. 00366_ K-01 Serf collects debris. 00381_ G-34 Mercenary destroyed. 00381_ Switching to secondary target: G-47 Trooper. 00383_ G-47 Trooper IFF system glitched. 00383_ K-01 Serf collects debris. Map ----- +----------------------------------------------------+ | ??????????????????????????????????????????????? | | ??????????????????????????????????????????????? | | ??????????????????????????????????????????????? | | ??????????????????????????????????????????????? | | ??????????????????????????????????????????????? | | ??????????????????????????????????????????????? | | ??????????????????????????????????????????????? | | ??????????????????????????????????????????????? | | ??????????????????????????????????????????????? | | ???????????????????????? ?????????????????????? | | ???????????????????????? ????????????????????? | | ??????????????????????? "????????????????????? | | ??????????????????????? ""???????????????????? | | ??????????????????????+ """ ??????????###### | | ??????????????????????# ? ???????# | | ??????????????????????# ???????# T | | ??????????????????????# """ #????????# | | ??????????????????????# """ ########?# | | ??????????????????????# """ ##""""""?# | | ??????????????????????# ##" !"| "# | | ????????# ############# ##" "##+### | | ????????# """ k | | ????????+ gk""" > | | ????????# g """ r r | | ?????????# ####+#/##gg r # ## | | ????????????????? ?#@ ^ ########## | | ????????????????# ]??# o # """ / | | ????????????????# ]??# %% # "T" # | | ????????????????# ???# ==[ # # | | ????????????????+ ???#k =[ # ! # | | ???????????????##????# =[ ########## | | ?????????????????????# w #????????# | | ?????????????????????# #????????# | | ?????????????????????# #????????# | | ?????????????????????# #????????# ### | | ?????????????????????# #????????# #?? | | ?????????????????????###"T"### #????????# #?? | | ???????????????????????#"""#?# #????????# #?? | | ???????????????????????#####?# #????????# #?? | | ?????????????????????????????# #?##???### #?? | | ?????????????????????????????# # #???# #?? | | ?????????????????????????????# # #????# #?? | | ?????????????????????????????# #????# #?? | | ?????????????????????????????# # #????#* #?? | | ?????????????????????????????# ###????# #?? | | ????????????????????????????## ##?????# #?? | | ????????????????????????????# ####### ### | | ????????????????????????????# | | ????????????????????????????# | | ????????????????????????????# | +----------------------------------------------------+ Best States ------------- Heat Dissipation 35 Energy Generation 15 Energy Capacity 400 Matter Stores 300 Matter Capacity 300 Sight Range 16 Robot Scan Range 14 Terrain Scan Density 10 ECM Strength 1 Utility Shielding 33 Evasion (%) 42 Offensive Hacking 5 Item Schematics ----------------- None Robot Schematics ------------------ None Fabricated ------------ Nothing Repaired ---------- Nothing Alien Tech Used ----------------- None Achievements -------------- None Challenges ------------ None RPGLIKE | -11 -10 --------- Run | Yrd Mat Levels Raised . | . . XP Earned 4100 | 3000 1100 XP Spent 3000 | 2800 200 Upgrades 6 | 5 1 Power Slot 1 | 1 . Propulsion Slot 1 | 1 . Utility Slot 1 | 1 . Weapon Slot 2 | 2 . Hack Attack % 1 | . 1 Protomatter Created 54 | . 54 Protomatter Decayed . | . . Game ------ Seed ReflectiveColdScreen Manual? 0 Play Time 00:06:16 Cumulative 715.7 hours Start 2025.07.12 @ 02:09:26 End 2025.07.12 @ 02:13:19 Sessions 1 Manual Loads 0 Difficulty Rogue Special Mode Winter2019/RPGLIKE Game No. 55 Rogue 43 Adventurer 9 Explorer 3 Win Type - Total 7 Types 4/0/0/2/0/0/0/0/0/1 Lore% 54 Gallery% 56 Achievement% 64 Wizard Run 0 Options --------- Layout 0 ASCII 0 Keyboard 0 Movement Mouse Keybinds 0 Fullscreen 2 Font 18/SmallcapsGlow Map View 76x50 Zoom Use 0% Tactical HUD 1 Map Filters NONE Filters NONE Steam 1 RUN: f22a437b-4a0c-430c-86ee-1d131af5d9d9